 Dungeon Crawl Stone Soup version 0.15.0-31-geb66e34 (webtiles) character file.

1032 Psiweapon the Grappler (level 8, -12/59 HPs)
             Began as a Minotaur Transmuter on Sept 12, 2014.
             Was a Follower of Cheibriados.
             Mangled by an orc warrior
             ... wielding a +0 flail
              (19 damage)
             ... on Level 6 of the Dungeon.
             The game lasted 00:25:26 (6305 turns).

Psiweapon the Grappler (Minotaur Transmuter)        Turns: 6305, Time: 00:25:26

HP -12/59        AC  3     Str 18      XL: 8   Next:  3%
MP   8/8         EV 14     Int 13      God: Cheibriados [*.....]
Gold 136         SH  0     Dex 16      Spells:  2 memorised,  4 levels left

rFire  . . .     SeeInvis .       - Unarmed
rCold  . . .     Clarity  .     e - +0 leather armour
rNeg   . . .     rCorr    .     (no shield)
rPois  .         rRot     .     (helmet restricted)
rElec  .         Spirit   .     (no cloak)
SustAb .         Warding  .     (no gloves)
rMut   .         Stasis   .     (no boots)
Gourm  .                        (no amulet)
MR     +....                    (no ring)
                                m - ring of protection from magic

@: very slow, somewhat resistant to hostile enchantments, very unstealthy
A: retaliatory headbutt, horns 2
a: Bend Time, Renounce Religion


You were on level 6 of the Dungeon.
You worshipped Cheibriados.
Cheibriados was aware of your devotion.
You were hungry.

You visited 1 branch of the dungeon, and saw 6 of its levels.

You collected 227 gold pieces.
You spent 91 gold pieces at shops.

Inventory:

Hand weapons
 l - a +2 flail of holy wrath
 p - a +5 whip
 r - a cursed +0 blowgun
Missiles
 b - 57 arrows
 k - 47 bolts
 s - 59 poisoned needles
 E - 17 steel bolts
 K - 8 tomahawks (quivered)
Armour
 c - a +0 robe
 e - a +0 leather armour (worn)
 h - a cursed +0 chain mail
 B - a +0 pair of boots
 J - a +0 large shield
Magical devices
 I - a wand of paralysis (0)
Comestibles
 a - 4 bread rations
 j - a fruit
 w - 2 beef jerkies
 F - a meat ration
Scrolls
 n - a scroll of magic mapping {unknown}
 o - 2 scrolls of noise {unknown}
 t - 2 scrolls of teleportation
 v - 2 scrolls of fog
 y - a scroll of enchant armour
 C - 2 scrolls of identify
 D - a scroll of recharging {unknown}
Jewellery
 g - an uncursed ring of ice
 m - a ring of protection from magic (left hand)
 A - an uncursed ring of protection from magic
Potions
 f - a potion of brilliance {unknown}
 i - a potion of lignification
 u - a potion of beneficial mutation {unknown}
 x - a potion of mutation {unknown}
 H - a potion of heal wounds {unknown}
Books
 d - a book of Changes

   Spells                             Type                      Level
   *Beastly Appendage                 Transmutation                1
   Sticks to Snakes                   Transmutation                2
   Spider Form                        Transmutation/Poison         3
   *Ice Form                          Ice/Transmutation            4
   Blade Hands                        Transmutation                5
 z - a Young Poisoner's Handbook

   Spells                             Type                      Level
   Sting                              Conjuration/Poison           1
   Cure Poison                        Poison                       2
   Mephitic Cloud                     Conjuration/Poison/Air       3
   Olgreb's Toxic Radiance            Poison                       4
   Venom Bolt                         Conjuration/Poison           5


   Skills:
 - Level 1.2 Fighting
 - Level 5.1 Dodging
 + Level 8.8 Unarmed Combat
 - Level 1.3 Spellcasting
 - Level 1.5 Transmutations
 + Level 3.3 Invocations


You had 4 spell levels left.
You knew the following spells:

 Your Spells              Type           Power        Failure   Level  Hunger
a - Beastly Appendage     Trmt           #.....       17%         1    ##.....
b - Ice Form              Ice/Trmt       #.......     99%         4    #####..


Dungeon Overview and Level Annotations

Branches:
Dungeon (6/15)             Temple (0/1) D:5

Altars:
Cheibriados
Elyvilon
Nemelex Xobeh
Okawaru
Qazlal
Vehumet
Zin

Shops:
D:4 ?


Innate Abilities, Weirdness & Mutations

You reflexively headbutt those who attack you in melee.
You have a pair of horns on your head.


Message History

You feel better. The orc warrior hits you with a flail!
* * * LOW HITPOINT WARNING * * *
Remove which piece of jewellery? (? for menu, Esc to quit)
You remove your ring of ice.
The orc wizard hits you but does no damage.
The orc warrior closely misses you.
Drink which item? (? for menu, Esc to quit)
Okay, then.
The orc wizard gestures wildly while chanting.
The orc wizard flickers and vanishes!
Deactivating autopickup; reactivate with Ctrl-A.
The orc warrior barely misses you. You furiously retaliate!
You headbutt the orc warrior, but do no damage.
You see here 21 gold pieces.
Your talons disappear.
You see here 16 gold pieces.
The orc warrior hits you with a flail.
* * * LOW HITPOINT WARNING * * *
The orc warrior hits you with a flail!!
You die...

####.#### #.....# #.#
##.....## #.#
#.......# #.#
#.......# #.#
#.......#
#.######.##....#
#..#...).#####.#
##.#.#o#.#####.#
#....@.........#
#.....##.Z...#.#
#...######...#.#
#..#.#..#.#..#.####..#
#..##.##{##...........
...##
#$$#.##...###.... ....
#$Z#.##..## .. ...
#.##.##...# .
#.#..#.#...#


You could see an orc warrior and a scorpion zombie.

Vanquished Creatures
  Eustachio (D:4)
  Menkaure (D:4)
  An ogre (D:3)
  5 killer bees (D:5)
  A quasit (D:4)
  A giant frog skeleton (D:6)
  An orc priest (D:5)
  A hound (D:4)
  2 orc wizards
  An iguana (D:5)
  3 worker ants
  Jessica (D:3)
  A sky beast zombie (D:5)
  3 adders
  3 gnolls (D:2)
  A green rat (D:4)
  3 giant mites
  A white imp (D:4)
  A shadow imp (D:4)
  3 worms
  An ufetubus (D:4)
  An orc zombie (D:6)
  6 giant geckos
  An ooze (D:1)
  12 orcs
  14 bats
  A giant cockroach (D:5)
  4 hobgoblins
  4 jackals
  10 kobolds
  3 quokkas
  A ball python (D:4)
  4 giant newts
  A giant spore (D:6)
  9 goblins
  15 rats
122 creatures vanquished.

Notes
Turn   | Place    | Note
--------------------------------------------------------------
     0 | D:1      | Psiweapon, the Minotaur Transmuter, began the quest for the Orb.
     0 | D:1      | Reached XP level 1. HP: 16/16 MP: 2/2
   438 | D:2      | Found an iron altar of Okawaru.
   443 | D:2      | Reached XP level 2. HP: 21/23 MP: 2/2
   455 | D:3      | Reached skill level 4 in Unarmed Combat
   855 | D:1      | Found a sparkling altar of Nemelex Xobeh.
   999 | D:2      | Reached XP level 3. HP: 23/28 MP: 1/3
  1166 | D:2      | Reached skill level 5 in Unarmed Combat
  1167 | D:2      | HP: 1/28 [gnoll/flail (9)]
  1576 | D:2      | Reached XP level 4. HP: 35/35 MP: 2/4
  1777 | D:2      | Found a glowing silver altar of Zin.
  2121 | D:2      | Reached skill level 6 in Unarmed Combat
  2641 | D:3      | Noticed Jessica
  2656 | D:3      | Killed Jessica
  2656 | D:3      | Reached XP level 5. HP: 3/40 MP: 3/4
  3173 | D:3      | Noticed an ogre
  3183 | D:3      | Killed an ogre
  3431 | D:3      | Reached XP level 6. HP: 44/47 MP: 3/5
  3594 | D:4      | Found a snail-covered altar of Cheibriados.
  3621 | D:4      | Became a worshipper of Cheibriados the Contemplative
  3785 | D:4      | Found Letseivve's Magic Scroll Shoppe.
  3804 | D:4      | Reached skill level 7 in Unarmed Combat
  3829 | D:4      | Bought a scroll of identify for 26 gold pieces
  3829 | D:4      | Bought a scroll of identify for 26 gold pieces
  3829 | D:4      | Bought a scroll of teleportation for 39 gold pieces
  3981 | D:4      | Noticed Menkaure
  4010 | D:4      | Killed Menkaure
  4119 | D:4      | Noticed Eustachio
  4177 | D:4      | Killed Eustachio
  4177 | D:4      | Reached skill level 5 in Dodging
  4177 | D:4      | Reached XP level 7. HP: 35/52 MP: 6/6
  4605 | D:5      | Entered Level 5 of the Dungeon
  4736 | D:5      | Found a stormy altar of Qazlal.
  4893 | D:5      | Reached skill level 8 in Unarmed Combat
  4897 | D:5      | Reached skill level 1 in Invocations
  5459 | D:5      | Found a staircase to the Ecumenical Temple.
  5557 | D:5      | Learned a level 4 spell: Ice Form
  6017 | D:5      | Found a white marble altar of Elyvilon.
  6033 | D:5      | Found a radiant altar of Vehumet.
  6250 | D:6      | Reached XP level 8. HP: 48/59 MP: 6/7
  6305 | D:6      | Mangled by an orc warrior

Action                   |  1- 3 |  4- 6 |  7- 9 || total
-------------------------+-------+-------+-------++-------
Melee: Unarmed           |    61 |   146 |    90 ||   297
       Whip              |       |     5 |       ||     5
 Fire: Blowgun           |       |     6 |       ||     6
Throw: Tomahawk          |     4 |     4 |    19 ||    27
 Cast: Beastly Appendage |    17 |    24 |    13 ||    54
Evoke: Wand              |       |       |     6 ||     6
  Use: Potion            |     2 |     4 |     2 ||     8
       Scroll            |       |     5 |       ||     5
 Stab: Sleeping          |     1 |       |     1 ||     2
       Paralysed         |       |       |     9 ||     9
  Eat: Chunk             |     3 |     8 |     5 ||    16
       Fruit             |       |     1 |     1 ||     2
